 Dungeon Crawl Stone Soup version 0.28.0-62-gf88900778d (webtiles) character file.

Game seed: 11365122126588979348

51 cbfl8 the Skirmisher (level 3, -7/43 HPs)
             Began as a Demonspawn Berserker on Apr 16, 2024.
             Was a Believer of Trog.
             Mangled by a worm (10 damage)
             ... on level 2 of the Dungeon.
             The game lasted 00:01:16 (2787 turns).

cbfl8 the Skirmisher (Demonspawn Berserker)         Turns: 2787, Time: 00:01:17

Health: -7/43      AC:  3    Str: 17    XL:     3   Next: 57%
Magic:  3/3        EV: 12    Int:  8    God:    Trog [**....]
Gold:   84         SH:  0    Dex: 14    Spells: 2/2 levels left

rFire   . . .      SeeInvis .   a - +0 hand axe
rCold   . . .      Faith    .   (no shield)
rNeg    . . .      Spirit   .   b - +0 animal skin
rPois   .          Reflect  .   h - +1 hat
rElec   .          Harm     .   f - scarf {shadows}
rCorr   .          Rampage  .   (no gloves)
Will    .....                   (no boots)
Stlth   ..........              (no amulet)
HPRegen 0.14/turn               (no ring)
MPRegen 0.08/turn               (no ring)

@: berserking, very quick
A: claws 1
a: Renounce Religion, Berserk, Trog's Hand


You were on level 2 of the Dungeon.
You worshipped Trog.
Trog was pleased with you.
You visited 1 branch of the dungeon, and saw 2 of its levels.

You collected 84 gold pieces.

Inventory:

Hand Weapons
 a - a +0 hand axe (weapon)
Armour
 b - a +0 animal skin (worn)
 f - a scarf of shadows (worn)
 h - a +1 hat (worn)
Scrolls
 c - 2 scrolls of identify {unknown}
 e - 2 scrolls of teleportation {unknown}
Potions
 d - 2 potions of curing
 g - a potion of heal wounds {unknown}


   Skills:
 + Level 3.6 Fighting
 + Level 3.5 Axes
 + Level 1.9 Armour
 - Level 1.7 Dodging
 * Level 0.9 Evocations


You had 2 spell levels left.
You didn't know any spells.
Your spell library was empty.

Dungeon Overview and Level Annotations

Branches:
Dungeon (2/15)

Altars:
Makhleb
Zin


Innate Abilities, Weirdness & Mutations

You have sharp fingernails.


Message History

A worm is nearby!
You hit the worm.
The worm is severely wounded.
The worm bites you but does no damage.
A worm is nearby!
You barely miss the worm.
The worm is severely wounded.
The worm bites you.
A worm is nearby!
You are too injured to fight recklessly!
A worm is nearby!
You are too injured to fight recklessly!
A worm is nearby!
You are too injured to fight recklessly!
You hit the worm but do no damage.
The worm is severely wounded.
You hit the worm.
The worm is severely wounded.
The worm misses you.
You hit the worm.
The worm is severely wounded.
The worm bites you but does no damage.
You hit the worm but do no damage.
The worm is severely wounded.
You hit the worm but do no damage.
The worm is severely wounded.
The worm bites you.
You hit the worm but do no damage.
The worm is heavily wounded.
The worm bites you.
* * * LOW HITPOINT WARNING * * *
You hit the worm.
The worm is severely wounded.
You hit the worm.
The worm is almost dead.
The worm bites you.
* * * LOW HITPOINT WARNING * * *
A red film seems to cover your vision as you go berserk!
You feel yourself moving faster!
You feel mighty! The worm bites you!
You die...

#.####................
#......#.....###.##.##
#####....##### #....#
#.#### ####.# #.# #.#
#.# #.# #.# ######.##
#!# ......... #@#
######.## #w# #... #.#
#### #.# #.# ..# ..#


You could see a worm.

Vanquished Creatures
  An adder (D:2)
  A worm (D:2)
  7 ball pythons
  6 endoplasms
  5 goblins
  2 kobolds
  2 quokkas (D:1)
  7 bats
  3 frilled lizards
  2 rats
36 creatures vanquished.

Vanquished Creatures (others)
  A fungus (D:2)
  A plant (D:2)
2 creatures vanquished.

Grand Total: 38 creatures vanquished

Notes
Turn   | Place    | Note
-------+----------+-------------------------------------------
     0 | D:1      | cbfl8 the Demonspawn Berserker began the quest for the Orb.
     0 | D:1      | Reached XP level 1. HP: 18/18 MP: 1/1
   405 | D:1      | Gained mutation: You have sharp fingernails. [demonic
                  | ancestry]
   405 | D:1      | Reached XP level 2. HP: 15/24 MP: 2/2
   667 | D:1      | HP: 1/24 [quokka (3)]
  1411 | D:1      | Found a burning altar of Makhleb.
  1869 | D:2      | Reached XP level 3. HP: 23/29 MP: 3/3
  1968 | D:2      | Found a faded altar of an unknown god.
  2283 | D:2      | Reached ** piety under Trog
  2787 | D:2      | Mangled by a worm

Illustrated notes

Levels and vault maps discovered:
D:1:      sevenhm_arrival_forest_fort_small_6, layout_loops_corners
D:2:      layout_basic, basic_altar, shapermc_ecumenical_altar_rom_forum

Skill      XL: |  1  2 |
---------------+-------+-----
Axes           | 3 |  3.5
Fighting       | |  3.6
Armour         | |  1.9
Dodging        | |  1.7
Evocations     | |  0.9

Action                   || total
-------------------------++-------
Melee: Hand axe          ||   126
       Punch             ||     2
Invok: Berserk           ||     2
  Use: Potion            ||     1
 Stab: Sleeping          ||     4
Armor: Animal skin       ||    37
Dodge: Dodged            ||    80
